 Dungeon Crawl Stone Soup version 0.19.1 (webtiles) character file.

252 KingBobo974 the Unweaver (level 5, -1/41 HPs)
             Began as a Demonspawn Abyssal Knight on Dec 14, 2016.
             Was a Follower of Lugonu.
             Slain by an orc
             ... wielding a +0 trident
              (4 damage)
             ... on level 3 of the Dungeon.
             The game lasted 00:07:17 (1684 turns).

KingBobo974 the Unweaver (DsAK)                     Turns: 1684, Time: 00:07:18

Health: -1/41      AC:  3    Str: 13    XL:     5   Next: 89%
Magic:  8/8        EV: 18    Int: 13    God:    Lugonu [*.....]
Gold:   91         SH:  0    Dex: 18    Spells: 0 memorised, 4 levels left

rFire  . . .     SeeInvis .     a - +2 spear
rCold  . . .     Gourm    .     b - +0 leather armour
rNeg   . . .     Faith    .     (no shield)
rPois  .         Spirit   .     (no helmet)
rElec  .         Reflect  .     (no cloak)
rCorr  .         Harm     .     (no gloves)
MR     .....                    (no boots)
Stlth  ++........               (no amulet)
                                (no ring)
                                (no ring)

@: agile
A: repulsion field 1, demonic guardian 1, powered by pain 1
a: Depart the Abyss, Renounce Religion


You were on level 3 of the Dungeon.
You worshipped Lugonu.
Lugonu was aware of your devotion.
You were not hungry.

You visited 1 branch of the dungeon, and saw 3 of its levels.
You visited the Abyss 1 time.

You collected 91 gold pieces.

Inventory:

Hand Weapons
 a - a +2 spear (weapon)
 j - a +0 scythe
 k - a +0 short sword of holy wrath
Armour
 b - a +0 leather armour (worn)
Jewellery
 n - a cursed -3 ring of slaying
Wands
 m - a wand of iceblast (11/15)
Scrolls
 d - 2 scrolls of enchant weapon
 e - 2 scrolls of identify
 f - 6 scrolls of remove curse
 l - 2 scrolls of amnesia
 r - a scroll of blinking {unknown}
 s - a scroll of fog {unknown}
Potions
 h - a potion of agility
 i - a potion of brilliance
 q - a potion of curing {unknown}
Books
 p - a book of Maledictions

   Spells                             Type                      Level
   a - Corona                         Hexes                        1
   b - Ensorcelled Hibernation        Hexes/Ice                    2
   c - Confuse                        Hexes                        3
   d - Tukima's Dance                 Hexes                        3
   e - Dazzling Spray                 Conjuration/Hexes            3
Comestibles
 c - a bread ration
 g - a slice of pizza
 o - 2 meat rations
 t - a beef jerky


   Skills:
 + Level 3.5 Fighting
 * Level 4.0 Polearms
 * Level 3.3 Armour
 - Level 0.8 Dodging
 + Level 4.0 Invocations


You had 4 spell levels left.
You didn't know any spells.

Dungeon Overview and Level Annotations

Branches:
Dungeon (3/15)

Altars:
Makhleb
Xom


Innate Abilities, Weirdness & Mutations

You are surrounded by a mild repulsion field. (EV +2)
A weak demonic guardian rushes to your aid.
You sometimes gain a little power by taking damage.


Message History

You feel sick.
You are no longer poisoned.
The crimson imp hits your quasit but does no damage.
Your quasit bites the orc.
Your quasit claws the orc.
The orc dies!
Lugonu accepts your kill.
Your quasit closely misses the crimson imp. x2
Your quasit misses the crimson imp.
The crimson imp completely misses your quasit.
Your quasit barely misses the crimson imp. x2
Your quasit misses the crimson imp. The orc barely misses you.
The crimson imp misses your quasit.
Your quasit bites the crimson imp.
Your quasit claws the crimson imp.
Your quasit claws the crimson imp but does no damage.
You are too injured to fight recklessly!
You are too injured to fight recklessly!
Your quasit disappears in a puff of smoke!
The orc misses you. The orc hits you with a trident.
You die...

#.........
#.........
..........
......... .........
#. #)%.5.... #.#
#5....... #.# #o#
#.###@# .. ..
#.##..###.... #.#
#..........# #.#
#..##.####.# #.#
#.....#. ###.#
##..###..#
...####...##..## #
####...##......##
###..............##


You could see a crimson imp and an orc.

Vanquished Creatures
  Sigmund (D:2)
  2 adders
  A worm (D:2)
  A leopard gecko (D:2)
  An orc (D:3)
  A giant cockroach (D:2)
  6 goblins
  3 hobgoblins
  3 bats
  2 frilled lizards
  7 kobolds
  4 rats
32 creatures vanquished.

Vanquished Creatures (collateral kills)
  An orc priest (D:3)
  Terence (D:2)
  An orc (D:3)
3 creatures vanquished.

Grand Total: 35 creatures vanquished

Notes
Turn   | Place    | Note
-------+----------+-------------------------------------------
     0 | Abyss:1  | KingBobo974 the Demonspawn Abyssal Knight began the quest for the Orb.
     0 | Abyss:1  | Reached XP level 1. HP: 18/18 MP: 2/2
    59 | Abyss:1  | Noticed a tentacled monstrosity
    67 | D:1      | Escaped the Abyss
   294 | D:1      | Reached * piety under Lugonu
   303 | D:1      | Gained mutation: You sometimes gain a little power by taking damage. [demonic ancestry]
   303 | D:1      | Reached XP level 2. HP: 20/24 MP: 4/4
  1062 | D:2      | Noticed Sigmund
  1073 | D:2      | Killed Sigmund
  1073 | D:2      | Gained mutation: A weak demonic guardian rushes to your aid. [demonic ancestry]
  1073 | D:2      | Reached XP level 3. HP: 6/29 MP: 5/5
  1073 | D:2      | Reached XP level 4. HP: 8/35 MP: 6/6
  1073 | D:2      | Gained mutation: You are surrounded by a mild repulsion field. (EV +2) [demonic ancestry]
  1073 | D:2      | Reached XP level 5. HP: 9/41 MP: 7/7
  1366 | D:2      | Found a faded altar of an unknown god.
  1373 | D:2      | Noticed Terence
  1383 | D:2      | Killed Terence
  1440 | D:2      | Found a burning altar of Makhleb.
  1447 | D:2      | Found a shimmering altar of Xom.
  1680 | D:3      | HP: 2/41 [poisoned by an adder]
  1684 | D:3      | Slain by an orc

Skill      XL: |  1  2  3  4  5 |
---------------+----------------+-----
Polearms       | 2 3 4 |  4.0
Armour         | 2 3 |  3.3
Invocations    | 3 4 |  4.0
Fighting       | |  3.5
Dodging        | |  0.8

Action                   |  1- 3 |  4- 6 || total
-------------------------+-------+-------++-------
Melee: Spear             |    68 |    42 ||   110
Invok: Depart the Abyss  |     1 |       ||     1
  Use: Scroll            |     8 |       ||     8
       Potion            |     1 |     1 ||     2
 Stab: Sleeping          |     1 |       ||     1
  Eat: Bread ration      |       |     1 ||     1
Armor: Leather armour    |    10 |     6 ||    16
Dodge: Dodged            |    19 |    22 ||    41
